[ AOE2 MATCH · #505435751 ]
UnrankedMagyars vs Berbers
Player's team · WIN
Rival team · LOSS
[ REPLAY ANALYSIS · EXTRACTED FROM THE RECORDED GAME ]
Feudal
13:21
Castle
19:00
Imperial
38:57
| APM avg | 60.1 |
| APM peak | 111 |
| eAPM avg | 39.8 |
| Villagers / military | 243 / 323 |
Focus
⚔️ 55.6% · 🌾 44.4%
Spearman ×84 · Skirmisher ×82 · Magyar Huszar ×42 · Cavalry Archer ×39 · Trebuchet (Packed) ×28 · Monk ×13
Feudal
9:48
Castle
22:42
Imperial
37:14
| APM avg | 35.1 |
| APM peak | 60 |
| eAPM avg | 19.4 |
| Villagers / military | 183 / 236 |
Focus
⚔️ 32.3% · 🌾 67.7%
Scout Cavalry ×93 · Camel Archer ×59 · Camel Scout ×39 · Archer ×12 · Knight ×12 · Trebuchet (Packed) ×7
Match map
Initial resources + every placement click. Lines = walls · curves = elevation contours. ◆ gold · ⬟ stone · ● berries · ✦ relic · ◌ wall gap
Your base· Open — 4t gap
andrewwoodsmith's base· Open — unwalled flank
Smoothed initial terrain · ◌ = detected wall gap · hover for details
Inputs per minute
— Lespaul - - andrewwoodsmith
Build order — Lespaul
First 150 of 846 actions detected
| 0:01 | Queue | Villager (Male) |
| 0:02 | Build | House |
| 0:10 | Queue | Villager (Male) |
| 0:10 | Queue | Villager (Male) |
| 0:10 | Queue | Villager (Male) |
| 1:41 | Queue | Villager (Male) |
| 1:41 | Queue | Villager (Male) |
| 1:41 | Queue | Villager (Male) |
| 2:01 | Queue | Villager (Male) |
| 2:01 | Queue | Villager (Male) |
| 2:01 | Queue | Villager (Male) |
| 2:15 | Build | Lumber Camp |
| 2:32 | Queue | Villager (Male) |
| 2:32 | Queue | Villager (Male) |
| 2:32 | Queue | Villager (Male) |
| 2:33 | Queue | Villager (Male) |
| 3:22 | Queue | Villager (Male) |
| 3:22 | Queue | Villager (Male) |
| 3:22 | Queue | Villager (Male) |
| 3:22 | Queue | Villager (Male) |
| 3:46 | Queue | Villager (Male) |
| 3:46 | Queue | Villager (Male) |
| 3:46 | Queue | Villager (Male) |
| 3:48 | Build | House |
| 4:01 | Queue | Villager (Male) |
| 4:02 | Queue | Villager (Male) |
| 4:02 | Queue | Villager (Male) |
| 4:30 | Queue | Villager (Male) |
| 4:30 | Queue | Villager (Male) |
| 4:30 | Queue | Villager (Male) |
| 4:35 | Build | Barracks |
| 4:43 | Queue | Villager (Male) |
| 4:43 | Queue | Villager (Male) |
| 5:12 | Build | House |
| 5:18 | Queue | Villager (Male) |
| 5:18 | Queue | Villager (Male) |
| 5:18 | Queue | Villager (Male) |
| 5:19 | Queue | Villager (Male) |
| 5:48 | Queue | Militia |
| 5:49 | Queue | Militia |
| 6:10 | Queue | Villager (Male) |
| 6:18 | Queue | Militia |
| 6:28 | Queue | Militia |
| 6:47 | Queue | Militia |
| 6:47 | Queue | Militia |
| 7:21 | Build | House |
| 7:23 | Build | Palisade Wall |
| 7:24 | Build | Palisade Wall |
| 7:25 | Build | Palisade Wall |
| 7:33 | Queue | Villager (Male) |
| 7:33 | Queue | Villager (Male) |
| 7:49 | Build | Palisade Wall |
| 8:01 | Queue | Villager (Male) |
| 8:01 | Queue | Villager (Male) |
| 8:01 | Queue | Villager (Male) |
| 8:01 | Queue | Villager (Male) |
| 8:09 | Queue | Villager (Male) |
| 8:20 | Build | Mining Camp |
| 8:39 | Queue | Villager (Male) |
| 8:43 | Build | Mill |
| 9:13 | Queue | Villager (Male) |
| 10:06 | Build | Palisade Wall |
| 10:07 | Build | Palisade Wall |
| 10:21 | Queue | Villager (Male) |
| 10:36 | Research | Loom |
| 10:36 | Research | Loom |
| 10:38 | Build | Farm |
| 10:40 | Build | Farm |
| 10:51 | Build | Palisade Wall |
| 11:11 | Research | Feudal Age |
| 11:12 | Research | Feudal Age |
| 11:12 | Research | Feudal Age |
| 11:15 | Build | Farm |
| 11:26 | Build | Farm |
| 11:31 | Build | Palisade Wall |
| 11:37 | Queue | Villager (Male) |
| 11:40 | Build | Palisade Wall |
| 11:48 | Build | Palisade Wall |
| 11:54 | Build | Palisade Wall |
| 12:02 | Build | Palisade Wall |
| 12:07 | Queue | Villager (Male) |
| 12:23 | Build | House |
| 12:31 | Build | House |
| 12:55 | Build | Farm |
| 12:56 | Build | Farm |
| 13:03 | Queue | Villager (Male) |
| 13:21 | Age | Feudal Age |
| 13:22 | Build | Palisade Gate |
| 13:27 | Build | Market |
| 13:47 | Queue | Villager (Male) |
| 13:58 | Build | Blacksmith |
| 14:01 | Build | Farm |
| 14:23 | Queue | Villager (Male) |
| 14:33 | Build | Farm |
| 15:07 | Build | Farm |
| 15:23 | Queue | Villager (Male) |
| 15:38 | Build | Farm |
| 15:42 | Build | Farm |
| 15:53 | Queue | Villager (Male) |
| 16:04 | Build | Lumber Camp |
| 16:20 | Research | Castle Age |
| 16:21 | Research | Castle Age |
| 16:21 | Research | Castle Age |
| 16:49 | Build | Stable |
| 16:54 | Build | Palisade Wall |
| 16:59 | Build | Palisade Wall |
| 17:26 | Build | Mining Camp |
| 17:36 | Research | Scale Barding Armor |
| 17:44 | Queue | Villager (Male) |
| 18:32 | Build | House |
| 18:55 | Queue | Villager (Male) |
| 19:00 | Age | Castle Age |
| 19:02 | Build | Town Center |
| 19:09 | Queue | Knight |
| 19:09 | Queue | Knight |
| 19:15 | Queue | Villager (Male) |
| 19:28 | Build | Farm |
| 19:30 | Research | Horse Collar |
| 19:31 | Research | Horse Collar |
| 19:31 | Research | Double-Bit Axe |
| 19:32 | Research | Double-Bit Axe |
| 19:34 | Queue | Knight |
| 19:43 | Build | Farm |
| 19:54 | Build | House |
| 19:58 | Build | Farm |
| 20:33 | Build | Farm |
| 20:47 | Build | Palisade Gate |
| 20:52 | Build | Palisade Wall |
| 20:55 | Queue | Villager (Male) |
| 20:56 | Queue | Villager (Male) |
| 20:56 | Queue | Villager (Male) |
| 20:57 | Queue | Villager (Male) |
| 20:59 | Queue | Knight |
| 20:59 | Queue | Knight |
| 21:00 | Queue | Knight |
| 21:05 | Build | Mining Camp |
| 21:21 | Build | House |
| 21:31 | Build | Farm |
| 21:31 | Build | Farm |
| 21:37 | Build | Farm |
| 21:38 | Build | Farm |
| 21:38 | Build | Farm |
| 21:46 | Queue | Villager (Male) |
| 21:46 | Queue | Villager (Male) |
| 21:57 | Queue | Villager (Male) |
| 21:57 | Queue | Villager (Male) |
| 21:57 | Queue | Villager (Male) |
| 22:27 | Queue | Villager (Male) |
| 22:27 | Queue | Villager (Male) |
| 22:30 | Build | Farm |
Build order — andrewwoodsmith
First 150 of 569 actions detected
| 0:01 | Queue | Villager (Male) |
| 0:01 | Queue | Villager (Male) |
| 0:02 | Research | Loom |
| 0:02 | Queue | Villager (Male) |
| 0:03 | Build | House |
| 0:04 | Queue | Villager (Male) |
| 0:04 | Queue | Villager (Male) |
| 0:05 | Build | House |
| 1:41 | Queue | Villager (Male) |
| 2:05 | Queue | Villager (Male) |
| 2:05 | Queue | Villager (Male) |
| 2:36 | Queue | Villager (Male) |
| 3:06 | Build | Lumber Camp |
| 3:11 | Queue | Villager (Male) |
| 3:37 | Queue | Villager (Male) |
| 3:54 | Queue | Villager (Male) |
| 4:10 | Queue | Villager (Male) |
| 4:59 | Queue | Villager (Male) |
| 4:59 | Queue | Villager (Male) |
| 5:38 | Build | House |
| 5:43 | Build | Mill |
| 5:45 | Queue | Villager (Male) |
| 6:04 | Research | Loom |
| 6:48 | Queue | Villager (Male) |
| 7:00 | Queue | Villager (Male) |
| 7:20 | Queue | Villager (Male) |
| 7:23 | Research | Feudal Age |
| 7:52 | Queue | Villager (Male) |
| 7:57 | Build | House |
| 8:02 | Queue | Villager (Male) |
| 8:24 | Build | Palisade Wall |
| 8:34 | Queue | Villager (Male) |
| 8:37 | Build | Mining Camp |
| 8:48 | Queue | Villager (Male) |
| 9:04 | Build | Palisade Wall |
| 9:05 | Build | Palisade Wall |
| 9:11 | Build | Palisade Wall |
| 9:31 | Queue | Villager (Male) |
| 9:48 | Age | Feudal Age |
| 10:07 | Build | Barracks |
| 10:39 | Research | Double-Bit Axe |
| 10:48 | Queue | Villager (Male) |
| 11:17 | Build | Archery Range |
| 11:20 | Queue | Villager (Male) |
| 11:28 | Queue | Villager (Male) |
| 11:36 | Build | Farm |
| 11:41 | Queue | Archer |
| 11:48 | Queue | Villager (Male) |
| 12:05 | Queue | Archer |
| 12:20 | Queue | Archer |
| 12:25 | Build | House |
| 12:30 | Queue | Villager (Male) |
| 12:56 | Build | Farm |
| 12:57 | Queue | Villager (Male) |
| 13:10 | Queue | Archer |
| 13:19 | Build | Farm |
| 13:19 | Build | Farm |
| 13:20 | Build | Farm |
| 13:20 | Build | Farm |
| 13:41 | Queue | Archer |
| 13:47 | Build | House |
| 13:57 | Queue | Villager (Male) |
| 14:19 | Build | House |
| 14:49 | Queue | Villager (Male) |
| 14:54 | Queue | Archer |
| 14:56 | Build | Blacksmith |
| 15:05 | Queue | Villager (Male) |
| 15:30 | Build | Farm |
| 15:41 | Queue | Villager (Male) |
| 15:43 | Research | Fletching |
| 15:56 | Queue | Archer |
| 16:05 | Queue | Villager (Male) |
| 16:10 | Build | Farm |
| 16:10 | Build | Farm |
| 16:22 | Queue | Archer |
| 16:26 | Queue | Villager (Male) |
| 16:29 | Build | Farm |
| 16:36 | Queue | Archer |
| 16:57 | Queue | Villager (Male) |
| 17:05 | Build | House |
| 17:25 | Build | Market |
| 17:45 | Queue | Villager (Male) |
| 17:51 | Build | Farm |
| 17:52 | Build | Farm |
| 17:54 | Build | Farm |
| 17:57 | Queue | Archer |
| 17:59 | Queue | Spearman |
| 18:12 | Queue | Villager (Male) |
| 18:18 | Build | House |
| 18:19 | Build | House |
| 18:30 | Queue | Archer |
| 18:35 | Build | Farm |
| 18:42 | Queue | Villager (Male) |
| 18:54 | Build | Farm |
| 18:54 | Queue | Villager (Male) |
| 19:03 | Queue | Spearman |
| 19:22 | Build | Farm |
| 19:35 | Build | Farm |
| 19:38 | Queue | Spearman |
| 19:56 | Build | Farm |
| 19:57 | Research | Castle Age |
| 19:57 | Research | Castle Age |
| 20:14 | Queue | Spearman |
| 20:32 | Queue | Spearman |
| 20:33 | Queue | Villager (Male) |
| 20:38 | Build | Stable |
| 20:52 | Queue | Archer |
| 21:01 | Build | House |
| 21:03 | Build | Palisade Wall |
| 21:40 | Build | Palisade Wall |
| 21:45 | Build | House |
| 21:49 | Queue | Spearman |
| 21:53 | Research | Gold Mining |
| 22:21 | Queue | Villager (Male) |
| 22:34 | Build | Palisade Wall |
| 22:35 | Build | Palisade Wall |
| 22:36 | Build | Palisade Wall |
| 22:37 | Queue | Villager (Male) |
| 22:42 | Age | Castle Age |
| 22:44 | Research | Scale Barding Armor |
| 22:45 | Queue | Camel Scout |
| 22:58 | Research | Horse Collar |
| 23:04 | Queue | Camel Scout |
| 23:05 | Queue | Villager (Male) |
| 23:13 | Build | Town Center |
| 23:20 | Queue | Camel Scout |
| 23:21 | Queue | Villager (Male) |
| 23:23 | Build | Farm |
| 23:36 | Research | Bloodlines |
| 23:39 | Build | Stable |
| 23:45 | Build | Farm |
| 23:46 | Build | Farm |
| 23:46 | Queue | Villager (Male) |
| 23:58 | Build | Monastery |
| 24:13 | Queue | Villager (Male) |
| 24:25 | Queue | Villager (Male) |
| 24:38 | Build | Town Center |
| 24:41 | Queue | Camel Scout |
| 24:41 | Queue | Camel Scout |
| 24:42 | Queue | Villager (Male) |
| 25:00 | Queue | Monk |
| 25:08 | Queue | Villager (Male) |
| 25:11 | Build | House |
| 25:18 | Build | Farm |
| 25:39 | Queue | Camel Scout |
| 25:42 | Build | Farm |
| 25:43 | Queue | Villager (Male) |
| 25:45 | Queue | Villager (Male) |
| 25:50 | Research | Forging |
| 25:50 | Queue | Camel Scout |
Match timeline
| 4:35 | Lespaul · first_building Barracks |
| 7:23 | Lespaul · wall_segment Palisade Wall x1 |
| 7:24 | Lespaul · wall_segment Palisade Wall x1 |
| 7:25 | Lespaul · wall_segment Palisade Wall x1 |
| 7:49 | Lespaul · wall_segment Palisade Wall x1 |
| 8:24 | andrewwoodsmith · wall_segment Palisade Wall x1 |
| 9:04 | andrewwoodsmith · wall_segment Palisade Wall x1 |
| 9:05 | andrewwoodsmith · wall_segment Palisade Wall x1 |
| 9:11 | andrewwoodsmith · wall_segment Palisade Wall x1 |
| 9:48 | andrewwoodsmith · age_up feudal |
| 10:06 | Lespaul · wall_segment Palisade Wall x2 |
| 10:07 | andrewwoodsmith · first_building Barracks |
| 10:07 | Lespaul · wall_segment Palisade Wall x4 |
| 10:51 | Lespaul · wall_segment Palisade Wall x7 |
| 11:17 | andrewwoodsmith · first_building Archery Range |
| 11:31 | Lespaul · wall_segment Palisade Wall x3 |
| 11:40 | Lespaul · wall_segment Palisade Wall x5 |
| 11:48 | Lespaul · wall_segment Palisade Wall x10 |
| 11:54 | Lespaul · wall_segment Palisade Wall x6 |
| 12:02 | Lespaul · wall_segment Palisade Wall x14 |
| 13:21 | Lespaul · age_up feudal |
| 16:49 | Lespaul · first_building Stable |
| 16:54 | Lespaul · wall_segment Palisade Wall x3 |
| 16:59 | Lespaul · wall_segment Palisade Wall x5 |
| 19:00 | Lespaul · age_up castle |
| 19:13 | andrewwoodsmith · first_market_sell 100 wood |
| 19:15 | andrewwoodsmith · first_market_buy 100 food |
| 20:38 | andrewwoodsmith · first_building Stable |
| 20:52 | Lespaul · wall_segment Palisade Wall x1 |
| 21:03 | andrewwoodsmith · wall_segment Palisade Wall x1 |
| 21:40 | andrewwoodsmith · wall_segment Palisade Wall x1 |
| 22:34 | andrewwoodsmith · wall_segment Palisade Wall x1 |
| 22:35 | andrewwoodsmith · wall_segment Palisade Wall x1 |
| 22:36 | andrewwoodsmith · wall_segment Palisade Wall x1 |
| 22:36 | Lespaul · first_building Monastery |
| 22:42 | andrewwoodsmith · age_up castle |
| 23:58 | andrewwoodsmith · first_building Monastery |
| 29:55 | Lespaul · first_market_buy 100 food |
| 30:32 | andrewwoodsmith · first_building Castle |
| 32:46 | Lespaul · first_building Archery Range |
| 34:38 | Lespaul · first_building Castle |
| 37:14 | andrewwoodsmith · age_up imperial |
| 38:57 | Lespaul · age_up imperial |
| 39:30 | andrewwoodsmith · wall_segment Palisade Wall x1 |
| 39:32 | andrewwoodsmith · wall_segment Palisade Wall x1 |
| 39:59 | andrewwoodsmith · wall_segment Palisade Wall x1 |
| 40:11 | andrewwoodsmith · first_building Siege Workshop |
| 43:49 | Lespaul · first_market_sell 500 food |
| 52:47 | Lespaul · first_building Siege Workshop |
| 62:08 | andrewwoodsmith · resign |
[ AI ANALYSIS · 1 CREDIT ]
What really happened in this match?
Wolo.gg analyzes every decision: build order, eco, micro, common mistakes by bracket. Personalized analysis on WhatsApp or Discord in 30 seconds.
Civ guide
Magyars
Perfil
Jugador #323632